 Dungeon Crawl Stone Soup version 0.20.1-1-g8b1a95d66d (webtiles) character file.

173 NixNut the Shield-Bearer (level 5, -3/32 HPs)
             Began as a Gargoyle Fighter on Dec 26, 2017.
             Was a Believer of Cheibriados.
             Slain by keat06's ghost (4 damage)
             ... on level 3 of the Dungeon.
             The game lasted 00:30:00 (2647 turns).

NixNut the Shield-Bearer (Gargoyle Fighter)         Turns: 2647, Time: 00:30:00

Health: -3/32      AC: 14    Str: 27    XL:     5   Next: 53%
Magic:  3/5        EV:  6    Int: 12    God:    Cheibriados [**....]
Gold:   133        SH: 10    Dex: 13    Spells: 4/4 levels left

rFire    . . .     SeeInvis .   a - +0 flail
rCold    . . .     Gourm    .   c - +0 shield
rNeg     + . .     Faith    .   g - +0 chain mail
rPois    ∞         Spirit   .   (no helmet)
rElec    +         Reflect  .   r - +0 cloak
rCorr    .         Harm     .   (no gloves)
MR       .....                  (no boots)
Stlth    ..........             (no amulet)
Regen    0.1/turn               x - +2 ring of strength
MPRegen  0.1/turn               (no ring)

@: very slow
A: negative energy resistance 1, electricity resistance, unbreathing,
petrification resistance, rot immunity, AC +4
a: Bend Time, Renounce Religion


You were on level 3 of the Dungeon.
You worshipped Cheibriados.
Cheibriados was pleased with you.
You were not hungry.

You visited 1 branch of the dungeon, and saw 4 of its levels.

You collected 133 gold pieces.

Inventory:

Hand Weapons
 a - a +0 flail (weapon)
 q - a +2 dagger of venom
Armour
 b - a +0 scale mail
 c - a +0 shield (worn)
 g - a +0 chain mail (worn)
 r - a +0 cloak (worn)
 s - a +2 leather armour of magic resistance
Jewellery
 x - a +2 ring of strength (left hand)
Wands
 t - a wand of flame (16/48)
Scrolls
 e - 2 scrolls of enchant armour {unknown}
 h - a scroll of blinking {unknown}
 i - 2 scrolls of recharging {unknown}
 j - 5 scrolls of remove curse {unknown}
 k - a scroll of magic mapping {unknown}
 m - 2 scrolls of amnesia {unknown}
 n - 3 scrolls of identify {unknown}
 o - a scroll of immolation {unknown}
 p - 2 scrolls of noise {unknown}
 y - a scroll of teleportation {unknown}
Potions
 d - 2 potions of might
 l - 2 potions of curing {unknown}
 u - a potion of agility {unknown}
 v - a potion of heal wounds {unknown}
Comestibles
 f - a bread ration


   Skills:
 - Level 3.5 Fighting
 + Level 4.2 Maces & Flails
 - Level 3.6 Armour
 - Level 0.1 Dodging
 * Level 4.6 Shields


You had 4 spell levels left.
You didn't know any spells.

Dungeon Overview and Level Annotations

Branches:
Dungeon (4/15)
 Temple: D:4-7

Altars:
Cheibriados
Nemelex Xobeh

Annotations:
D:3 keat06's ghost, amateur TrCK


Innate Abilities, Weirdness & Mutations

You are resistant to torment.
Your stone body is resilient. (AC +4)
You are immune to poison.
You resist negative energy. (rN+)
You are resistant to electric shocks. (rElec)
You can survive without breathing.
You are immune to petrification.
You are immune to rotting.


Message History

Keat06's ghost is heavily damaged.
Keat06's ghost hits you but does no damage.
You closely miss keat06's ghost.
Keat06's ghost is heavily damaged.
Keat06's ghost hits you.
Keat06's ghost hits you but does no damage.
You hit keat06's ghost but do no damage.
Keat06's ghost is heavily damaged.
Keat06's ghost hits you!
* * * LOW HITPOINT WARNING * * *
Your shield and chain mail prevent you from hitting keat06's ghost.
Keat06's ghost is heavily damaged.
You block keat06's ghost's attack.
You closely miss keat06's ghost.
Keat06's ghost is heavily damaged.
Keat06's ghost hits you but does no damage.
You hit keat06's ghost but do no damage.
Keat06's ghost is heavily damaged.
Keat06's ghost hits you.
You die...

#........# #.....)..# #####
###........# #...#
...........# ######...#
###......>.# ##........#####
#........####..####...#...#
#####.###.....<......#....#
#######..>..........####....#
#..............W@...#....####
†(((..................####
#..(................###
#...(...............#
#...................#
...#...#...#..####.##
.............## #.#
#........#### #.# ##....####
#.#


You could see keat06's ghost.

Vanquished Creatures
  An orc priest (D:4)
  An orc wizard (D:3)
  3 adders
  2 oozes
  5 worms (D:2)
  3 dart slugs
  A leopard gecko (D:3)
  5 orcs
  2 giant cockroaches
  6 goblins
  6 hobgoblins
  6 jackals (D:1)
  4 bats
  3 frilled lizards
  6 kobolds
  6 rats
60 creatures vanquished.

Notes
Turn   | Place    | Note
-------+----------+-------------------------------------------
     0 | D:1      | NixNut the Gargoyle Fighter began the quest for the Orb.
     0 | D:1      | Reached XP level 1. HP: 14/14 MP: 1/1
   156 | D:1      | Reached XP level 2. HP: 19/19 MP: 2/2
   216 | D:1      | Found a snail-covered altar of Cheibriados.
   236 | D:1      | Became a worshipper of Cheibriados the Contemplative
   415 | D:1      | Reached XP level 3. HP: 19/23 MP: 3/3
   817 | D:2      | Reached * piety under Cheibriados
  1364 | D:2      | Reached XP level 4. HP: 28/28 MP: 4/4
  2116 | D:3      | Found a sparkling altar of Nemelex Xobeh.
  2206 | D:3      | Reached XP level 5. HP: 27/32 MP: 5/5
  2209 | D:3      | Reached ** piety under Cheibriados
  2244 | D:4      | Noticed an orc warrior
  2275 | D:3      | HP: 1/32 [something/puff of flame (3)]
  2628 | D:3      | Noticed keat06's ghost (amateur TrCK)
  2644 | D:3      | HP: 1/32 [keat06's ghost (9)]
  2647 | D:3      | Slain by keat06's ghost

Skill      XL: |  1  2  3  4  5 |
---------------+----------------+-----
Maces & Flails | 3 4 |  4.2
Shields        | 4 |  4.6
Fighting       | |  3.5
Armour         | |  3.6
Dodging        | |  0.1

Action                   |  1- 3 |  4- 6 || total
-------------------------+-------+-------++-------
Melee: Flail             |   145 |   140 ||   285
Invok: Bend Time         |       |     2 ||     2
Evoke: Wand              |       |     2 ||     2
  Use: Potion            |       |     1 ||     1
  Eat: Meat ration       |     1 |       ||     1
Armor: Scale mail        |    67 |       ||    67
       Chain mail        |     8 |    82 ||    90
Dodge: Dodged            |    51 |    38 ||    89
Block: Shield            |    80 |    95 ||   175
